 Dungeon Crawl Stone Soup version 0.30-a0-757-ga6a79fd877 (webtiles) character file.

Game seed: 5440398630604103061

15 lunkers the Conjurer (level 2, -3/14 (17) HPs)
             Began as a Meteoran Reaver on Feb 9, 2023.
             Slain by a quokka (4 damage)
             ... on level 2 of the Dungeon.
             The game lasted 00:01:30 (662 turns).

lunkers the Conjurer (Meteoran Reaver)               Turns: 662, Time: 00:01:31

HP:   -3/14 (17)    AC:  3    Str: 13    XL:     2   Next: 88%
MP:   6/6           EV: 11    Int: 14    God:
Gold: 57            SH:  4    Dex: 12    Spells: 3/6 levels left

rFire   . . .      SeeInvis .    a - +0 mace
rCold   . . .      Faith    .    g - +1 buckler
rNeg    . . .      Spirit   .    b - +0 leather armour
rPois   .          Reflect  .    (no helmet)
rElec   .          Harm     .    (no cloak)
rCorr   .          Rampage  .    (no gloves)
Will    .....                    (no boots)
Stlth   +                        (no amulet)
HPRegen 0.22/turn                (no ring)
MPRegen 0.10/turn                (no ring)

@: glowing, heavily drained
A: sense surroundings 1, otherworldly, glowing, explore regen
a: no special abilities


You were on level 2 of the Dungeon.
You visited 1 branch of the dungeon, and saw 2 of its levels.

You collected 57 gold pieces.

Inventory:

Hand Weapons
 a - a +0 mace (weapon)
Armour
 b - a +0 leather armour (worn)
 g - a +1 buckler (worn)
Jewellery
 h - an amulet of magic regeneration
Scrolls
 d - a scroll of enchant armour
 e - a scroll of immolation {unknown}
 i - a scroll of identify {unknown}
Potions
 c - a potion of might {unknown}
 f - a potion of resistance {unknown}


   Skills:
 - Level 2.1 Fighting
 - Level 4.0 Maces & Flails
 - Level 2.4 Dodging
 - Level 2.6 Spellcasting
 * Level 4.6 Conjurations


You had 3 spell levels left.
You knew the following spells:

 Your Spells              Type           Power      Damage    Failure   Level
b - Momentum Strike       Conj/Tloc      16%        3d8       24%         2
p - Kiss of Death         Conj/Necr      32%        2d7       16%         1

Your spell library contained the following spells:

 Spells                   Type           Power      Damage    Failure   Level
 Hailstorm                Conj/Ice       8%         3d4       43%         3


Dungeon Overview and Level Annotations

Branches:
Dungeon (2/15) Zot: 730

Altars:


Innate Abilities, Weirdness & Mutations

You passively map a small area around you.
You are easily found by Zot.
You glow in the dark.
You regain HP and MP as you explore.


Message History

Unknown command.
Unknown command.
(D) Dungeon
Where to? (Enter - D:2, ? - help)
There is a stone staircase leading down here.
You climb downwards.
Found a short sword.
There is a stone staircase leading up here.
Unknown command.
Unknown command.
A frilled lizard comes into view.
Found 12 gold pieces.
The frilled lizard hisses angrily.
You miss the frilled lizard. The frilled lizard barely misses you.
You miss the frilled lizard.
The frilled lizard bites you but does no damage.
You miss the frilled lizard. The frilled lizard barely misses you.
You hit the frilled lizard.
You kill the frilled lizard!
No target in view!
No target in view!
You now have 57 gold pieces (gained 12).
Found 6 javelins.
A quokka and a worm come into view.
There are monsters nearby!
The spell is extremely dangerous to miscast (24% risk of failure)!
Continue anyway?
Okay, then.
You hit the quokka but do no damage. The quokka bites you. x2
* * * LOW HITPOINT WARNING * * *
You barely miss the quokka.
The quokka bites you but does no damage.
The quokka bites you.
* * * LOW HITPOINT WARNING * * *
You hit the quokka but do no damage. The quokka bites you.
* * * LOW HITPOINT WARNING * * *
You barely miss the quokka. The quokka bites you.
* * * LOW HITPOINT WARNING * * *
The quokka attacks as you move away! You block the quokka's attack.
The quokka bites you.
You die...

#......# , #.(....# *
#......# #### #...w..##
####..♣ * #.......#
##....#♣♣♣♣ ####.##.#
#..##...~~~ * *
#.##.###.###.#P~P♣ # *
#r#......# #.#♣♣♣♣ , ,
..##**#@.....### #.# ,
#....##..###.# #.# , *
#.......###.# ##.# , ,*
#...<..##.# ##..##### ,
,,,####.#....###.......#
,,
.........)......####.. ,
* #####.####..#.### , *
#.# #....# * , , , #.#
#...##* *


You could see a worm and a quokka.

Vanquished Creatures
  2 ball pythons (D:1)
  An endoplasm (D:1)
  3 goblins (D:1)
  A hobgoblin (D:1)
  3 kobolds (D:1)
  A quokka (D:1)
  A bat (D:1)
  A frilled lizard (D:2)
13 creatures vanquished.

Notes
Turn   | Place    | Note
-------+----------+-------------------------------------------
     0 | D:1      | lunkers the Meteoran Reaver began the quest for the Orb.
     0 | D:1      | Reached XP level 1. HP: 17/17 MP: 5/5
    35 | D:1      | Reached XP level 2. HP: 9/19 MP: 2/6
    42 | D:1      | Learned a level 2 spell: Momentum Strike
   495 | D:1      | Glimpsed the power of Zot.
   545 | D:1      | Glimpsed the power of Zot.
   585 | D:1      | Glimpsed the power of Zot.
   594 | D:1      | Touched by the power of Zot.
   662 | D:2      | Slain by a quokka

Illustrated notes

Levels and vault maps discovered:
D:1:      erik_arrival_cave_to_civilisation [erik_arrival_cave_to_hall],
          layout_loops_corners, kennysheep_decorative_pillar
D:2:      layout_rooms, serial_bayou, serial_bayou_pond_e,
          serial_bayou_crossing, serial_bayou_ford_a, serial_bayou_pond_c,
          minmay_unequal, uniq_terence

Skill      XL: |  1 |
---------------+----+-----
Conjurations   | 4 |  4.6
Fighting       | |  2.1
Maces & Flails | |  4.0
Dodging        | |  2.4
Spellcasting   | |  2.6

Action                     || total
---------------------------++-------
  Melee: Mace              ||    33
   Cast: Kiss of Death     ||     3
         Momentum Strike   ||     5
    Use: Scroll            ||     1
 Armour: Leather armour    ||     7
  Dodge: Dodged            ||    25
  Block: Buckler           ||     1

Table legend: (Time is in decaauts)
 A = Elapsed time spent in this place.
 B = Non-inter-level travel time spent in this place.
 C = Inter-level travel time spent in this place.
 D = Time resting spent in this place.
 E = Time spent auto-exploring this place.
 F = Levels seen in this place.
 G = Mean time per level.
                   A        B        C        D        E       F      G
               +--------+--------+--------+--------+--------+-----+--------+
         Total |    668 |    595 |     73 |      0 |    439 |   2 |  334.0 |
       Dungeon |    668 |    595 |     73 |      0 |    439 |   2 |  334.0 |
               +--------+--------+--------+--------+--------+-----+--------+

Top non-repeatable levels by time:
     D:1: 608 daAuts
     D:2: 60 daAuts
